[Event "Titled Tuesday Blitz August 22 Late 2023"]
[White "Jakubowski, Krzysztof"]
[Black "Hajiyev, Kanan"]
[WhiteFideId "1112848"]
[BlackFideId "13404148"]
[WhiteElo "2624"]
[BlackElo "2462"]
[Result "1-0"]
[Round "5"]
[TimeControl "180+1"]
[Date "2023.08.22"]
[WhiteClock "0:00:36"]
[BlackClock "0:00:00"]
[Board "89"]

1. e4 c6 2. Nf3 d5 3. d3 a6 4. Nbd2 Bg4 5. h3 Bh5 6. Qe2 e6 7. g4 Bg6 8. h4 h6 9. Ne5 Bh7 10. g5 Nd7 11. exd5 Nxe5 12. dxe6 Qd5 13. exf7+ Kxf7 14. Rh3 Re8 15. Ne4 Bxe4 16. dxe4 Qa5+ 17. Bd2 Bb4 18. c3 Bd6 19. f4 Nd7 20. e5 Bb8 21. g6+ Kf8 22. c4 Qb6 23. O-O-O Ne7 24. Rb3 Qg1 25. Bh3 Qxg6 26. Bxd7 Rd8 27. Rxb7 Nf5 28. Ba5 Rxd7 29. Rdxd7 Bxe5 30. Rd8+ 1-0


[Site "https://www.chess.com"]

[Event "Titled Tuesday Blitz August 22 Late 2023"]
[White "Papayan, Oleg"]
[Black "Liu, Casper"]
[WhiteFideId "4193911"]
[BlackFideId "1454153"]
[WhiteElo "2612"]
[BlackElo "2458"]
[Result "1-0"]
[Round "5"]
[TimeControl "180+1"]
[Date "2023.08.22"]
[WhiteClock "0:01:08"]
[BlackClock "0:00:26"]
[Board "90"]

1. e4 c5 2. Nf3 d6 3. c3 Nf6 4. Bd3 Bg4 5. h3 Bxf3 6. Qxf3 Nc6 7. Bc2 d5 8. d3 dxe4 9. dxe4 g6 10. O-O Bg7 11. Na3 O-O 12. Nc4 b5 13. Rd1 Nd7 14. Ne3 e6 15. Ng4 Qe7 16. a4 b4 17. Bh6 Nde5 18. Qg3 Bxh6 19. Nxh6+ Kg7 20. Ng4 Nxg4 21. Qxg4 Qf6 22. Qg3 Rab8 23. f4 bxc3 24. e5 Qe7 25. bxc3 Rb2 26. Be4 Na5 27. Rab1 Rfb8 28. Rxb2 Rxb2 29. h4 h5 30. f5 exf5 31. Bxf5 Nc6 32. Rd7 Rb1+ 33. Kh2 Qxe5 34. Bxb1 1-0


[Site "https://www.chess.com"]

[Event "Titled Tuesday Blitz August 22 Late 2023"]
[White "Kim, Sergey"]
[Black "Eggleston, Thomas A"]
[WhiteFideId "13700570"]
[BlackFideId "412139"]
[WhiteElo "2609"]
[BlackElo "2456"]
[Result "1-0"]
[Round "5"]
[TimeControl "180+1"]
[Date "2023.08.22"]
[WhiteClock "0:00:07"]
[BlackClock "0:00:00"]
[Board "91"]

1. d4 Nf6 2. c4 c5 3. d5 e5 4. Nc3 d6 5. e4 Be7 6. Nge2 Nbd7 7. g3 Nf8 8. Bg2 Ng6 9. O-O O-O 10. h3 h6 11. Be3 Nh7 12. Qd2 f5 13. exf5 Bxf5 14. Ne4 Bxe4 15. Bxe4 Ng5 16. Bxg5 Bxg5 17. Qd3 Ne7 18. h4 Bf6 19. Nc3 Qd7 20. Kg2 Kf7 21. f4 exf4 22. Rxf4 Kg8 23. Raf1 Kh8 24. Nd1 Ng8 25. b3 Qe7 26. Ne3 Rae8 27. Nf5 Qe5 28. Bf3 g5 29. Rg4 gxh4 30. Nxh4 Bxh4 31. Rxh4 Qe3 32. Qxe3 Rxe3 33. Rf2 Kg7 34. Rg4+ Kh8 35. Rg6 Kh7 36. Rxd6 Rf7 37. Be4+ Rxe4 38. Rxf7+ Kh8 39. Rf2 Re7 40. Re6 Rd7 41. d6 Kg7 42. Rf5 b6 43. Kf3 a6 44. Ke4 h5 45. Kd5 Nh6 46. Rg5+ Kf8 47. Rxh6 Rg7 48. Rxg7 Kxg7 49. Rxh5 Kf7 50. Re5 Kf6 51. d7 Kg6 52. d8=Q Kf7 53. Qe7+ 1-0


[Site "https://www.chess.com"]

[Event "Titled Tuesday Blitz August 22 Late 2023"]
[White "Ribeiro, Matheus Mendes Domingues"]
[Black "Rangel, Daniel"]
[WhiteFideId "324226923"]
[BlackFideId "2124475"]
[WhiteElo "2594"]
[BlackElo "2455"]
[Result "1-0"]
[Round "5"]
[TimeControl "180+1"]
[Date "2023.08.22"]
[WhiteClock "0:00:03"]
[BlackClock "0:00:05"]
[Board "92"]

1. c4 Nf6 2. Nc3 e6 3. e4 d6 4. d4 Nbd7 5. Nf3 c5 6. dxc5 Nxc5 7. e5 Nfe4 8. Nxe4 Nxe4 9. Bd3 Qa5+ 10. Kf1 Nc5 11. Bd2 Qc7 12. Bc3 b6 13. Bc2 Ba6 14. b3 d5 15. Kg1 dxc4 16. bxc4 Be7 17. Ba4+ Kf8 18. Bb5 Bb7 19. Ba4 Rd8 20. Qc2 h5 21. Re1 Rh6 22. Bb3 Rg6 23. Kf1 Qc6 24. Rg1 Nxb3 25. axb3 Bc5 26. Nh4 Rg4 27. g3 Bd4 28. h3 Bxc3 29. Qxc3 Rgd4 30. Qc2 Kg8 31. Qc1 Rd2 32. Qc3 R8d3 33. Qb4 Rf3 34. Nxf3 Qxf3 35. Qxd2 Kh7 36. Qd8 Qd3+ 37. Qxd3+ 1-0


[Site "https://www.chess.com"]

[Event "Titled Tuesday Blitz August 22 Late 2023"]
[White "Veiga, Jose Francisco R P Neves"]
[Black "Blackburn, Jonathan L B"]
[WhiteFideId "1930087"]
[BlackFideId "1801090"]
[WhiteElo "2593"]
[BlackElo "2455"]
[Result "1-0"]
[Round "5"]
[TimeControl "180+1"]
[Date "2023.08.22"]
[WhiteClock "0:00:28"]
[BlackClock "0:00:00"]
[Board "93"]

1. d4 Nf6 2. Nf3 g6 3. Bg5 Bg7 4. Nbd2 d5 5. e3 O-O 6. Be2 c5 7. c3 Nc6 8. O-O Qb6 9. Qb3 c4 10. Qxb6 axb6 11. h3 b5 12. a3 Nd7 13. e4 Nb6 14. exd5 Nxd5 15. Rfe1 h6 16. Bh4 f5 17. Bd1 f4 18. Bc2 Bf5 19. Be4 Bxe4 20. Rxe4 g5 21. Bxg5 hxg5 22. Nxg5 Rf5 23. Ne6 Nf6 24. Re2 Kf7 25. Rae1 Bh6 26. Nf3 Rg8 27. Nc5 b6 28. Ne6 Rh5 29. Kf1 Nd5 30. Re4 Nf6 31. R4e2 Nd5 32. Re4 Nd8 33. Nc7 e6 34. Nxb5 Rf5 35. Nd6+ Kf6 36. Nxf5 exf5 37. Re5 Nc7 38. d5 Nf7 39. Re7 Nxd5 40. R1e6+ Kg7 41. Rd7 Rd8 42. Rxd8 Nxd8 43. Rd6 Nf7 44. Rxd5 Ng5 45. Nxg5 Bxg5 46. Rxf5 Be7 47. Rxf4 1-0


[Site "https://www.chess.com"]

[Event "Titled Tuesday Blitz August 22 Late 2023"]
[White "Tsyhanchuk, Stanislav"]
[Black "Postlmayer, Jakob"]
[WhiteFideId "13505130"]
[BlackFideId "1643622"]
[WhiteElo "2451"]
[BlackElo "2591"]
[Result "0-1"]
[Round "5"]
[TimeControl "180+1"]
[Date "2023.08.22"]
[WhiteClock "0:00:08"]
[BlackClock "0:00:16"]
[Board "94"]

1. c4 Nf6 2. Nc3 g6 3. e4 d6 4. d4 Bg7 5. f4 c5 6. d5 O-O 7. Nf3 e6 8. Be2 exd5 9. exd5 Nh5 10. O-O Bxc3 11. bxc3 f5 12. Bd3 Nd7 13. Ng5 Ndf6 14. Re1 Re8 15. Bd2 Ng7 16. Rxe8+ Qxe8 17. Be1 Ne4 18. Qe2 Nxg5 19. Qxe8+ Nxe8 20. fxg5 Bd7 21. Bg3 Kf7 22. Re1 Rd8 23. Bf4 Bc8 24. h4 Rd7 25. Kf2 Re7 26. Rxe7+ Kxe7 27. Be2 Ng7 28. Kg3 Bd7 29. Kh3 b6 30. a3 Bc8 31. h5 Nxh5 32. Bxh5 gxh5 33. Kh4 Ba6 34. Kxh5 Bxc4 35. Kh6 Bxd5 36. Kxh7 Bxg2 37. g6 Bd5 38. g7 b5 39. g8=Q Bxg8+ 40. Kxg8 a5 41. Bd2 d5 42. Kg7 Ke6 43. Kg6 Ke5 44. Kg5 Ke4 45. Kf6 f4 46. Ke6 f3 47. Be1 b4 48. cxb4 cxb4 49. axb4 axb4 0-1


[Site "https://www.chess.com"]

[Event "Titled Tuesday Blitz August 22 Late 2023"]
[White "Arencibia Monduy, Antonio"]
[Black "Rosen, Eric"]
[WhiteFideId "3507939"]
[BlackFideId "2032562"]
[WhiteElo "2450"]
[BlackElo "2583"]
[Result "1-0"]
[Round "5"]
[TimeControl "180+1"]
[Date "2023.08.22"]
[WhiteClock "0:00:09"]
[BlackClock "0:00:15"]
[Board "95"]

1. e4 c5 2. Nf3 Nc6 3. c3 d5 4. exd5 Qxd5 5. d4 Nf6 6. Be2 e6 7. O-O Be7 8. Be3 cxd4 9. Nxd4 Nxd4 10. Bxd4 O-O 11. Bf3 Qf5 12. Re1 Rd8 13. Qb3 Rb8 14. Bxa7 Ra8 15. Bb6 Re8 16. Nd2 Bd7 17. Ne4 Nd5 18. Ng3 Qg5 19. Bd4 Ba4 20. Qc4 Bc6 21. Re5 Qg6 22. Bh5 Qh6 23. Ree1 Bd6 24. Bf3 Rec8 25. Qe2 Nf4 26. Qe3 Bxf3 27. Qxf3 Nd5 28. a3 Qg6 29. Rad1 Bf8 30. h3 b5 31. Qd3 Rab8 32. Qxg6 hxg6 33. Ne4 Be7 34. g3 Kf8 35. f4 Rb7 36. Kg2 Rc4 37. Kf3 Rb8 38. Bf2 Rbc8 39. Rd4 R4c7 40. Red1 Ke8 41. a4 b4 42. Be1 b3 43. Bf2 Rc4 44. Rxc4 Rxc4 45. Rd4 Rc8 46. Nd2 Bc5 47. Rc4 Kd7 48. Rxc5 Ra8 49. a5 Rb8 50. a6 Kd6 51. Nc4+ Kd7 52. Na5 Ra8 53. Rc6 g5 54. c4 Nb4 55. Rb6 Nxa6 56. Rxb3 Nc7 57. Nb7 gxf4 58. gxf4 Kc6 59. Nc5 Rh8 60. Kg2 Rh5 61. Nd3 Kd6 62. Rb6+ Kd7 63. Ne5+ Ke7 64. Rb7 Kd6 65. c5+ Kd5 66. Rxc7 f6 67. Rd7+ Ke4 68. Rd4+ Kf5 69. Nf3 Rh8 70. c6 Rc8 71. Rc4 g5 72. fxg5 fxg5 73. b4 e5 74. b5 e4 75. Nd4+ Kf4 76. Ne2+ Ke5 77. b6 Kd5 78. Rc5+ Kd6 79. b7 Rb8 80. Bg3+ Ke6 81. Bxb8 Kf6 82. c7 Kg6 83. c8=Q e3 84. Bg3 g4 85. Qxg4+ Kf7 86. Qe4 Kf6 87. Qxe3 Kg7 88. Re5 Kg6 89. Nc3 Kh7 90. Nb5 Kg6 91. Nd6 Kh7 92. h4 Kg6 93. Kh3 Kg7 94. Kg4 Kf8 95. h5 Kg7 96. Qe1 Kf8 97. Re2 Kg7 98. b8=Q Kh6 99. Re6+ Kg7 100. Qe5+ Kh7 101. Qe2 Kg7 102. Be5+ Kh7 103. Qe4# 1-0


[Site "https://www.chess.com"]

[Event "Titled Tuesday Blitz August 22 Late 2023"]
[White "Salazar Farias, Luis German"]
[Black "Badelka, Olga"]
[WhiteFideId "3902170"]
[BlackFideId "13509926"]
[WhiteElo "2448"]
[BlackElo "2578"]
[Result "1-0"]
[Round "5"]
[TimeControl "180+1"]
[Date "2023.08.22"]
[WhiteClock "0:00:02"]
[BlackClock "0:00:00"]
[Board "96"]

1. d4 d5 2. c4 dxc4 3. Nf3 Nf6 4. e3 e6 5. Bxc4 a6 6. O-O c5 7. e4 b5 8. Be2 Nxe4 9. a4 b4 10. Nbd2 Bb7 11. Nxe4 Bxe4 12. Bf4 Nc6 13. dxc5 Qxd1 14. Rfxd1 Bd5 15. Rac1 f6 16. Nd4 g5 17. Nxc6 Bxc6 18. Bd6 Be7 19. Bxe7 Kxe7 20. Rd6 Rhc8 21. Bc4 Bd7 22. Rcd1 Ra7 23. Bxe6 Bxe6 24. Re1 Rxc5 25. Rexe6+ Kf7 26. Rxf6+ Kg7 27. h3 a5 28. Ra6 Rd7 29. Rf3 Rd2 30. b3 Rd7 31. Kh2 Re5 32. Rb6 Rc5 33. Ra6 Re5 34. Kg3 Rc5 35. Raf6 Re5 36. R6f5 Rdd5 37. Rxe5 Rxe5 38. Rd3 Rc5 39. f3 Rc3 40. Rd5 h6 41. Rxa5 Rxb3 42. Rb5 Rb2 43. a5 b3 44. a6 Ra2 45. Rxb3 Rxa6 46. Rb2 Kg6 47. Re2 Rc6 48. h4 Ra6 49. hxg5 hxg5 50. Kh3 Rb6 51. Kg3 Ra6 52. Re4 Rb6 53. Rg4 Kf5 54. Ra4 Rb5 55. Ra8 Rc5 56. Rg8 Rb5 57. Kh3 Ra5 58. Rf8+ Kg6 59. Re8 Kf5 60. Re4 Rb5 61. Kg3 Ra5 62. Kf2 Rb5 63. Re2 Ra5 64. Rd2 Rb5 65. Ke3 Ra5 66. g4+ Kf6 67. Kf2 Ra6 68. Re2 Rb6 69. Kg3 Ra6 70. Re8 Rb6 71. Rf8+ Kg6 72. Rf5 Ra6 73. Rd5 Rb6 74. Rd3 Ra6 75. f4 gxf4+ 76. Kxf4 Ra4+ 77. Kg3 Ra6 78. Kh4 Rb6 79. Rd8 Ra6 80. Rg8+ Kf7 81. Rg5 Rb6 82. Kh5 Rb1 83. Rf5+ Kg7 84. Kg5 Rb7 85. Rc5 Ra7 86. Kh5 Rb7 87. Rg5+ Kh7 88. Rg6 Ra7 89. g5 Ra1 90. Rh6+ Kg7 91. Rg6+ Kh7 92. Re6 Rh1+ 93. Kg4 Kg7 94. Re7+ Kf8 95. Ra7 Rb1 96. Kh5 Rb6 97. Rh7 Kg8 98. Rh6 Rb5 99. Rc6 1-0


[Site "https://www.chess.com"]

[Event "Titled Tuesday Blitz August 22 Late 2023"]
[White "Santos Flores, Alberto"]
[Black "Bazilius, Augustinas"]
[WhiteFideId "3601234"]
[BlackFideId "12832251"]
[WhiteElo "2576"]
[BlackElo "2446"]
[Result "1/2-1/2"]
[Round "5"]
[TimeControl "180+1"]
[Date "2023.08.22"]
[WhiteClock "0:01:25"]
[BlackClock "0:00:04"]
[Board "97"]

1. e4 c5 2. Nf3 Nc6 3. Nc3 d6 4. d4 cxd4 5. Nxd4 Nf6 6. Bg5 e6 7. Bb5 Bd7 8. Bxc6 Bxc6 9. Nxc6 bxc6 10. Qf3 Be7 11. O-O-O O-O 12. e5 Nd5 13. Bxe7 Qxe7 14. exd6 Qxd6 15. Rhe1 Rab8 16. Re4 Qc5 17. Na4 Qb5 18. Qe2 Rfc8 19. Kb1 Qxa4 20. Rxd5 Qxe4 21. Qxe4 cxd5 22. Qd4 Rc7 23. c3 g6 24. h4 Rcb7 25. b3 Rc7 26. h5 gxh5 27. Qe5 Rbc8 28. Qg5+ Kf8 29. Qh6+ Ke7 30. Qxh5 Rxc3 31. Qg5+ Ke8 32. Qg8+ Ke7 33. Qg5+ Ke8 34. Qg8+ Ke7 35. Qg5+ 1/2-1/2


[Site "https://www.chess.com"]

[Event "Titled Tuesday Blitz August 22 Late 2023"]
[White "Chor, Kevin"]
[Black "Sernecki, Franciszek"]
[WhiteFideId "2090740"]
[BlackFideId "1169297"]
[WhiteElo "2573"]
[BlackElo "2443"]
[Result "1-0"]
[Round "5"]
[TimeControl "180+1"]
[Date "2023.08.22"]
[WhiteClock "0:00:48"]
[BlackClock "0:00:00"]
[Board "98"]

1. e4 c5 2. Nf3 Nc6 3. d4 cxd4 4. Nxd4 Nf6 5. Nc3 e5 6. Ndb5 d6 7. Bg5 Be7 8. Bxf6 gxf6 9. Nd5 Qa5+ 10. c3 O-O 11. Nxe7+ Nxe7 12. Qxd6 Ng6 13. Qxf6 Be6 14. h4 a6 15. h5 Qd8 16. Qxd8 Raxd8 17. hxg6 axb5 18. gxh7+ Kh8 19. Bxb5 f5 20. exf5 Bxf5 21. Ke2 e4 22. Ke3 Bxh7 23. Rad1 Kg7 24. Rxd8 Rxd8 25. Be2 Bg6 26. Rd1 Ra8 27. a3 b6 28. Rd7+ Kh6 29. Rb7 Rf8 30. Rxb6 Kg5 31. a4 Ra8 32. a5 1-0


[Site "https://www.chess.com"]

[Event "Titled Tuesday Blitz August 22 Late 2023"]
[White "Nunez V, Gustavo Eduardo"]
[Black "Kochiev, Ivan"]
[WhiteFideId "4403690"]
[BlackFideId "2917890"]
[WhiteElo "2444"]
[BlackElo "2572"]
[Result "0-1"]
[Round "5"]
[TimeControl "180+1"]
[Date "2023.08.22"]
[WhiteClock "0:00:03"]
[BlackClock "0:00:03"]
[Board "99"]

1. e4 e5 2. Nc3 g6 3. g3 Bg7 4. Bg2 Nc6 5. d3 Nge7 6. Be3 O-O 7. Qd2 f5 8. Nge2 d6 9. h4 Be6 10. h5 Nd4 11. hxg6 Nxg6 12. Bh6 Qd7 13. Nxd4 exd4 14. Ne2 d5 15. exf5 Rxf5 16. Bxg7 Kxg7 17. Qh6+ Kg8 18. Nxd4 Re5+ 19. Kd2 Rf8 20. f4 c5 21. Nxe6 Rxe6 22. Bxd5 Rf7 23. Bxe6 Qxe6 24. Rae1 Qc6 25. Rh5 c4 26. f5 cxd3 27. cxd3 Rc7 28. Ke2 Qc2+ 29. Kf3 Qxd3+ 30. Re3 Qf1+ 31. Kg4 Ne5+ 32. Rxe5 Rg7+ 33. Qxg7+ Kxg7 34. Rg5+ Kf6 35. Re6+ Kf7 36. Rh5 Qd1+ 37. Kh4 Qd4+ 38. g4 Qf2+ 39. Kh3 Qf3+ 40. Kh2 Qf2+ 41. Kh3 Qxb2 42. Kh4 Kg7 43. Rg5+ Kf7 44. Rh5 Kg8 45. f6 Kf7 46. Re7+ Kxf6 47. Rhxh7 Qh2# 0-1


[Site "https://www.chess.com"]

[Event "Titled Tuesday Blitz August 22 Late 2023"]
[White "Haszon, David"]
[Black "Siniauski, Artsiom"]
[WhiteFideId "733610"]
[BlackFideId "13512269"]
[WhiteElo "2440"]
[BlackElo "2565"]
[Result "1-0"]
[Round "5"]
[TimeControl "180+1"]
[Date "2023.08.22"]
[WhiteClock "0:01:29"]
[BlackClock "0:00:15"]
[Board "100"]

1. d4 Nf6 2. Bf4 b6 3. Nf3 Bb7 4. e3 g6 5. Nc3 Bg7 6. h4 d6 7. Qd2 Nbd7 8. O-O-O Ne4 9. Nxe4 Bxe4 10. Bd3 Bxd3 11. Qxd3 e5 12. dxe5 dxe5 13. Qe4 f5 14. Qc6 exf4 15. Rxd7 Qxd7 16. Qxa8+ Ke7 17. Qxa7 fxe3 18. Qa3+ c5 19. Qxe3+ Qe6 20. Qf4 Qxa2 21. Qc7+ Kf8 22. Qd8+ Kf7 23. Ng5# 1-0


[Site "https://www.chess.com"]

[Event "Titled Tuesday Blitz August 22 Late 2023"]
[White "Willy, Stephen"]
[Black "Bochnicka, Vladimir"]
[WhiteFideId "30981468"]
[BlackFideId "14943450"]
[WhiteElo "2564"]
[BlackElo "2436"]
[Result "1-0"]
[Round "5"]
[TimeControl "180+1"]
[Date "2023.08.22"]
[WhiteClock "0:00:07"]
[BlackClock "0:00:03"]
[Board "101"]

1. e4 e5 2. Nc3 Nf6 3. Nf3 Nc6 4. h3 Bb4 5. Nd5 d6 6. Nxb4 Nxb4 7. c3 Nc6 8. d4 O-O 9. Bd3 Re8 10. O-O exd4 11. cxd4 Nxe4 12. d5 Nb4 13. Bb1 Bf5 14. Re1 Bg6 15. Qd4 c5 16. dxc6 Nxc6 17. Qd1 d5 18. Be3 Rc8 19. Bc2 Nb4 20. Bb3 Nf6 21. Nd4 Nd3 22. Re2 Nc5 23. Bc2 Bxc2 24. Rxc2 Qd7 25. Rac1 Nce4 26. Qf3 Nd6 27. Rd1 h6 28. Bxh6 Rxc2 29. Nxc2 Qa4 30. Rc1 Qe4 31. Qxe4 Nfxe4 32. Be3 Nc4 33. Bd4 a6 34. b3 Ncd6 35. Ne3 Nb5 36. Bb2 d4 37. Nc4 d3 38. Rd1 Rd8 39. f3 Nec3 40. Rd2 Nb1 41. Rd1 N5c3 42. Bxc3 Nxc3 43. Rd2 Nb1 44. Rb2 d2 45. Nxd2 Nxd2 46. Kf2 b5 47. Ke2 Nxf3 48. gxf3 f6 49. Rd2 Kh7 50. Rxd8 Kg6 51. Rd6 a5 52. Rd5 a4 53. Rxb5 axb3 54. axb3 Kf7 55. Rc5 1-0


[Site "https://www.chess.com"]

[Event "Titled Tuesday Blitz August 22 Late 2023"]
[White "Souleidis, Georgios"]
[Black "Silva Lucena, Cristian"]
[WhiteFideId "4206827"]
[BlackFideId "2232588"]
[WhiteElo "2562"]
[BlackElo "2432"]
[Result "1-0"]
[Round "5"]
[TimeControl "180+1"]
[Date "2023.08.22"]
[WhiteClock "0:01:01"]
[BlackClock "0:01:09"]
[Board "102"]

1. e4 e5 2. Nc3 Nf6 3. d4 exd4 4. Qxd4 Nc6 5. Qd3 Bb4 6. Bd2 O-O 7. O-O-O Re8 8. Nge2 Ne5 9. Qg3 Nc4 10. Bg5 Bf8 11. Nd5 Kh8 12. Bxf6 gxf6 13. Nec3 Bd6 14. Qh4 Ne5 15. Nxf6 Kg7 16. Nxe8+ Qxe8 17. Nd5 Ng6 18. Qf6+ Kg8 19. Qxd6 cxd6 20. Nf6+ Kf8 21. Nxe8 Kxe8 22. Rxd6 Ke7 23. Rd1 d6 24. Bc4 a6 25. Rhe1 b5 26. Bd5 Rb8 27. g3 1-0


[Site "https://www.chess.com"]

[Event "Titled Tuesday Blitz August 22 Late 2023"]
[White "Kupervaser, Erez"]
[Black "Boor, Carl"]
[WhiteFideId "2814587"]
[BlackFideId "2017008"]
[WhiteElo "2432"]
[BlackElo "2560"]
[Result "0-1"]
[Round "5"]
[TimeControl "180+1"]
[Date "2023.08.22"]
[WhiteClock "0:00:03"]
[BlackClock "0:00:12"]
[Board "103"]

1. e4 e5 2. Nf3 Nf6 3. Nxe5 d6 4. Nf3 Nxe4 5. d4 d5 6. Bd3 Be7 7. O-O Bf5 8. c4 O-O 9. Re1 Nc6 10. Nc3 Nxc3 11. bxc3 Bxd3 12. Qxd3 b6 13. cxd5 Qxd5 14. c4 Qd7 15. Bb2 Bf6 16. Rad1 Rfe8 17. Rxe8+ Rxe8 18. h3 g6 19. Bc1 Na5 20. c5 Qa4 21. Bf4 bxc5 22. Bxc7 c4 23. Qb1 Rc8 24. Bxa5 Qxa5 25. Qb7 Qc7 26. Qxc7 Rxc7 27. Rc1 Kf8 28. Kf1 Ke7 29. Ke2 Kd6 30. Nd2 Kd5 31. Nf3 Rb7 32. Rc2 a5 33. Kd2 a4 34. Kc3 a3 35. Re2 Rb1 36. Ne5 Rc1+ 37. Kd2 Ra1 38. Kc3 Rd1 39. Nf3 Rd3+ 40. Kc2 Bxd4 41. Nxd4 Kxd4 42. Re7 f5 43. Rd7+ Ke4 44. f3+ Ke3 45. Rxh7 Kf2 46. Rg7 Kxg2 47. Rxg6+ Kxf3 48. Rf6 Kf4 49. Rc6 Rxh3 50. Rxc4+ Kg5 51. Rc5 Kg4 52. Rc8 f4 53. Rg8+ Kf3 54. Kb3 Kf2+ 55. Kb4 Re3 56. Rf8 f3 57. Rf4 Ke2 58. Kc4 f2 59. Kd4 Rf3 60. Re4+ Kd2 0-1


[Site "https://www.chess.com"]

[Event "Titled Tuesday Blitz August 22 Late 2023"]
[White "Titichoca Daza, Daniel"]
[Black "brm72"]
[WhiteFideId "3309550"]
[WhiteElo "2430"]
[BlackElo "2559"]
[Result "1-0"]
[Round "5"]
[TimeControl "180+1"]
[Date "2023.08.22"]
[WhiteClock "0:00:11"]
[BlackClock "0:00:00"]
[Board "104"]

1. Nf3 c5 2. g3 Nc6 3. Bg2 g6 4. O-O Bg7 5. c4 e5 6. d3 Nge7 7. Nc3 d6 8. Rb1 O-O 9. a3 a5 10. Ne1 Be6 11. Nc2 d5 12. cxd5 Nxd5 13. Ne3 Nde7 14. Nc4 b6 15. Nb5 Rb8 16. f4 Nd4 17. Nxd4 exd4 18. a4 Bd5 19. Bf3 f5 20. Bd2 Kh8 21. Re1 Re8 22. Qb3 h6 23. Qb5 Kh7 24. Kf2 Qc7 25. h4 h5 26. Na3 Bc6 27. Qb3 Qd7 28. Nb5 Ng8 29. Rbc1 Rbc8 30. Qc4 Nf6 31. b3 Ng4+ 32. Kg2 Ne3+ 33. Bxe3 Rxe3 34. Kf2 Rce8 35. Na3 R8e6 36. Nc2 Bxf3 37. exf3 Rxe1 38. Rxe1 Rxe1 39. Nxe1 Qe7 40. Nc2 Bf8 41. Qd5 Qd6 42. Qb7+ Kh6 43. Na3 Qe6 44. Nc4 Bg7 45. Qxb6 Qe8 46. Qxc5 Qb8 47. Qb5 Qd8 48. Qxa5 Qf8 49. Qb5 Qc8 50. a5 Qd8 51. a6 Qa8 52. Qb7 Qf8 53. a7 Qc5 54. a8=Q Qa5 55. Qxa5 1-0


[Site "https://www.chess.com"]

[Event "Titled Tuesday Blitz August 22 Late 2023"]
[White "Balla, Tamas-Kristof"]
[Black "Leebit02"]
[WhiteFideId "1208497"]
[WhiteElo "2425"]
[BlackElo "2558"]
[Result "1-0"]
[Round "5"]
[TimeControl "180+1"]
[Date "2023.08.22"]
[WhiteClock "0:01:06"]
[BlackClock "0:00:49"]
[Board "105"]

1. e4 c5 2. c3 Nf6 3. e5 Nd5 4. d4 cxd4 5. Nf3 Nc6 6. cxd4 d6 7. Bc4 Nb6 8. Bb5 e6 9. O-O h6 10. Nc3 Bd7 11. Re1 Be7 12. exd6 Bxd6 13. d5 Ne7 14. dxe6 Bc6 15. exf7+ Kxf7 16. Bxc6 bxc6 17. Ne4 Bc7 18. Qb3+ Nbd5 19. Nc5 Qd6 20. Ne6 Bb6 21. Bf4 Qb4 22. Ne5+ Kg8 23. Qg3 Nf5 24. Qg6 Nxf4 25. Qf7+ Kh7 26. Qxf5+ 1-0


[Site "https://www.chess.com"]

[Event "Titled Tuesday Blitz August 22 Late 2023"]
[White "Van Foreest, Machteld"]
[Black "angelgab3"]
[WhiteFideId "1051563"]
[WhiteElo "2508"]
[BlackElo "2555"]
[Result "0-1"]
[Round "5"]
[TimeControl "180+1"]
[Date "2023.08.22"]
[WhiteClock "0:00:00"]
[BlackClock "0:00:13"]
[Board "106"]

1. e4 e5 2. Nf3 Nc6 3. d4 exd4 4. Nxd4 Nf6 5. Nxc6 bxc6 6. e5 Qe7 7. Qe2 Nd5 8. c4 Nb6 9. Nc3 g6 10. Bf4 Bg7 11. Qe3 O-O 12. Bd3 Re8 13. Ne4 Bxe5 14. Bxe5 Qxe5 15. Nf6+ Qxf6 16. Qxe8+ Kg7 17. O-O Qxb2 18. Rfe1 Ba6 19. Qe4 d5 20. cxd5 cxd5 21. Qe2 Qxe2 22. Bxe2 Bxe2 23. Rxe2 d4 24. Rc1 Rc8 25. Rc5 Na4 26. Rc4 Nc3 27. Rd2 c5 28. Kf1 Rb8 29. g3 Rb1+ 30. Kg2 Ne4 31. Re2 d3 32. Rcxe4 dxe2 33. Rxe2 Rb7 34. Kf3 c4 35. Rc2 Rc7 36. Ke4 Kf6 37. Kd4 Rd7+ 38. Kxc4 Rc7+ 39. Kd3 Rxc2 40. Kxc2 Ke5 41. Kd3 Kd5 42. h4 f5 43. f3 h5 44. Kc3 a6 45. Kd3 a5 0-1


[Site "https://www.chess.com"]

[Event "Titled Tuesday Blitz August 22 Late 2023"]
[White "Musovic, Armin"]
[Black "Jorajuria Mendoza, Algol"]
[WhiteFideId "939935"]
[BlackFideId "5128897"]
[WhiteElo "2553"]
[BlackElo "2417"]
[Result "1/2-1/2"]
[Round "5"]
[TimeControl "180+1"]
[Date "2023.08.22"]
[WhiteClock "0:00:09"]
[BlackClock "0:00:17"]
[Board "107"]

1. a3 d5 2. Nc3 d4 3. Ne4 Bf5 4. Ng3 Bg6 5. Nf3 Nf6 6. c3 dxc3 7. bxc3 e6 8. d3 Be7 9. e4 c5 10. Qa4+ Nc6 11. Be2 O-O 12. O-O Qc7 13. Nh4 Nd7 14. Nxg6 hxg6 15. d4 Nb6 16. Qd1 Rad8 17. Be3 Bf6 18. Rc1 Qe7 19. Bg4 cxd4 20. cxd4 Bxd4 21. Bxd4 Rxd4 22. Qb3 Rfd8 23. h3 Rd3 24. Qb5 Qxa3 25. Be2 Rd2 26. Qg5 Qa5 27. Qe3 Qe5 28. Rb1 Qd4 29. Qg5 Rd7 30. Kh2 Qe5 31. Kg1 Qd4 32. Kh2 Nc4 33. Bxc4 Qxc4 34. Rfc1 Qd4 35. f3 Qe5 36. Qe3 g5 37. Rc5 Qf4 38. Qxf4 gxf4 39. Nh5 e5 40. Rd5 f6 41. Rxd2 Rxd2 42. Rxb7 a5 43. Rxg7+ Kf8 44. Rc7 Nd4 45. Nxf6 a4 46. Kg1 Nxf3+ 47. gxf3 Rd3 48. Ra7 Rxf3 49. Nh7+ Kg8 50. Nf6+ Kf8 51. Rxa4 Kf7 52. Nh5 Rxh3 53. Ra7+ Kg6 54. Nxf4+ exf4 55. Ra5 Rg3+ 56. Kf2 Re3 57. Rb5 Rxe4 58. Kf3 Rc4 59. Ra5 Rd4 60. Rb5 Rc4 61. Ra5 Rd4 62. Rb5 Rc4 1/2-1/2


[Site "https://www.chess.com"]

[Event "Titled Tuesday Blitz August 22 Late 2023"]
[White "Trifan, Andrei Ioan"]
[Black "Mazibuko, Khanya"]
[WhiteFideId "12967068"]
[BlackFideId "14321041"]
[WhiteElo "2552"]
[BlackElo "2416"]
[Result "1-0"]
[Round "5"]
[TimeControl "180+1"]
[Date "2023.08.22"]
[WhiteClock "0:00:37"]
[BlackClock "0:00:00"]
[Board "108"]

1. Nf3 Nf6 2. b3 g6 3. Bb2 Bg7 4. e3 O-O 5. Be2 c5 6. O-O d5 7. d4 Ne4 8. Nbd2 Nc6 9. c4 Bf5 10. cxd5 Qxd5 11. Rc1 Nxd2 12. Qxd2 cxd4 13. Nxd4 Nxd4 14. exd4 Rfd8 15. Bf3 Qd7 16. Rfd1 Rac8 17. h3 b6 18. d5 Bxb2 19. Qxb2 Qd6 20. Rc6 Qf4 21. Qc1 Qxc1 22. Rdxc1 Kh8 23. g4 Bd7 24. Rc7 Kg7 25. Kg2 Rxc7 26. Rxc7 a5 27. a4 b5 28. axb5 Bxb5 29. Rxe7 Rb8 30. d6 Kf6 31. Bd5 Be8 32. f4 h6 33. h4 g5 34. hxg5+ hxg5 35. fxg5+ Kxg5 36. d7 Bxd7 37. Rxd7 Rb5 38. Bc4 Rc5 39. Rd5+ Rxd5 40. Bxd5 f6 41. Be6 Kf4 42. Kf2 Ke4 43. Kg3 Kd4 44. Kf4 Kc3 45. Kf5 1-0


[Site "https://www.chess.com"]

[Event "Titled Tuesday Blitz August 22 Late 2023"]
[White "reevecanada"]
[Black "Yang, Kevin"]
[BlackFideId "30908485"]
[WhiteElo "2549"]
[BlackElo "2416"]
[Result "0-1"]
[Round "5"]
[TimeControl "180+1"]
[Date "2023.08.22"]
[WhiteClock "0:00:54"]
[BlackClock "0:00:28"]
[Board "109"]

1. e4 e6 2. Nf3 a6 3. Nc3 d5 4. d4 Nf6 5. e5 Nfd7 6. Bg5 Be7 7. Bxe7 Qxe7 8. Ne2 O-O 9. c3 f6 10. Ng3 fxe5 11. dxe5 c5 12. Bd3 Nc6 13. Qe2 b5 14. a4 c4 15. Bc2 b4 16. O-O a5 17. b3 cxb3 18. Bxb3 Ba6 19. c4 Rxf3 20. Qxf3 Nd4 21. Qe3 Nxb3 22. Qxb3 Bxc4 23. Qe3 Bxf1 24. Rxf1 Qc5 25. Qg5 h6 26. Qg6 Qe7 27. f4 Rf8 28. Nh5 Nxe5 29. Qg3 Nc4 30. Re1 Qf7 31. Qg4 e5 32. f5 Kh7 33. Rf1 Ne3 34. Qg6+ Qxg6 35. fxg6+ Kg8 36. Re1 d4 37. Rc1 b3 38. h3 b2 39. Rb1 Rf1+ 0-1


[Site "https://www.chess.com"]